Cogmind - Beta 13 @@@ ROGUE MODE // 2024.04.13 @ 22:46:14 Player: Naiya55 Result: Self-destructed Performance ------------- Evolutions (2) 1000 Regions Visited (6) 1200 Robots Destroyed (52) 260 Value Destroyed (1435) 1435 Prototype IDs (26) 520 Alien Tech Used (0) 0 Bonus (329) 329 TOTAL SCORE: 4744 Bonus ------- High Alert Combat Kills 8 Follower Combat Kills 21 Aligned with FarCom 300 Cogmind --------- Core Integrity 312/550 Matter 230/300 Energy 280/280 System Corruption 0% Temperature Cool (18) Movement Treading (232) Ox1 Location -8/Storage Parts ------- > --- POWER (1) -------- Cooled Ion Engine > --- PROPULSION (4) --- Advanced Treads Medium Treads > --- UTILITY (4) ------ Improved Heat Sink Huge Storage Unit Advanced Targeting Computer Improved Power Shielding > --- WEAPON (2) ------- (None) > --- INVENTORY (25) --- Improved Ion Engine Cooled Ion Engine Cooled Ion Engine Light Nuclear Core Light Nuclear Core Reinforced Deuterium Engine Light Treads Light Treads Light Treads Light Treads Light Treads Armored Treads Improved Heat Sink Faulty Experimental Sensor Array Terrain Scan Processor Light Armor Plating PSU Rigger Gatling Laser Gatling Laser Beam Cannon Particle Cannon Particle Cannon Light Assault Rifle Rocket Launcher Katana Peak State ------------ > --- POWER ------------ Cooled Ion Engine > --- PROPULSION ------- Advanced Treads Medium Treads Medium Treads Medium Treads > --- UTILITY ---------- Improved Heat Sink Huge Storage Unit Advanced Targeting Computer Improved Power Shielding > --- WEAPON ----------- Gatling Laser Minigun > --- INVENTORY -------- Ion Engine Improved Ion Engine Light Nuclear Core Light Nuclear Core Reinforced Deuterium Engine Light Treads Light Treads Light Treads Light Treads Light Treads Light Treads Armored Treads Improved Heat Sink Experimental Sensor Array Terrain Scan Processor PSU Rigger Gatling Laser Beam Cannon Particle Cannon Particle Cannon Light Assault Rifle Grenade Launcher Rocket Launcher Katana [Rating: 41] Favorites ----------- Power Improved Ion Engine Engine Improved Ion Engine Propulsion Medium Treads Treads Medium Treads Utility Weapon Shielding Device Improved Heat Sink Storage Huge Storage Unit Processor Advanced Targeting Computer Protection Weapon Shielding Weapon Minigun Energy Gun Gatling Laser Energy Cannon Particle Cannon Ballistic Gun Minigun Launcher Grenade Launcher Slashing Weapon Katana Build | -11 -10 -10 -10 -9 -8 -8 ------- Run | Yrd Mat Min Exi Min Mat Sto Slots Evolved 4 | . . . . . 4 . Power . | . . . . . . . Propulsion 2 | . . . . . 2 . Utility 2 | . . . . . 2 . Weapon . | . . . . . . . Parts Attached 33 | 4 13 2 . . 12 2 Power 3 | 1 1 . . . . 1 Engine 3 | 1 1 . . . . 1 Core . | . . . . . . . Reactor . | . . . . . . . Propulsion 11 | 2 3 1 . . 5 . Treads 11 | 2 3 1 . . 5 . Leg . | . . . . . . . Wheel . | . . . . . . . Hover . | . . . . . . . Flight . | . . . . . . . Utility 9 | 1 4 . . . 4 . Device 1 | . . . . . 1 . Storage 5 | 1 3 . . . 1 . Processor 1 | . . . . . 1 . Hackware . | . . . . . . . Protection 2 | . 1 . . . 1 . Artifact . | . . . . . . . Weapon 10 | . 5 1 . . 3 1 Energy Gun 1 | . . . . . 1 . Energy Cannon 3 | . 3 . . . . . Ballistic Gun 4 | . 2 1 . . 1 . Ballistic Cannon . | . . . . . . . Launcher 1 | . . . . . . 1 Special Weapon . | . . . . . . . Impact Weapon . | . . . . . . . Slashing Weapon 1 | . . . . . 1 . Piercing Weapon . | . . . . . . . Special Melee Weapon . | . . . . . . . Unidentified Prototypes 1 | . . . . . . 1 Parts Lost 6 | . . . . . 2 4 Power . | . . . . . . . Propulsion 3 | . . . . . 1 2 Utility 1 | . . . . . 1 . Weapon 2 | . . . . . . 2 Highest Loss Streak 3 | . . . . . 1 3 To Critical Strikes . | . . . . . . . Average Slot Usage (%) 96 | . 92 100 100 100 95 97 Engine 11 | . 14 14 14 14 9 9 Treads 31 | . 27 28 28 28 35 34 Device 3 | . . . . . 8 9 Storage 11 | . 14 14 14 14 9 9 Processor 3 | . . . . . 7 9 Protection 10 | . 11 14 14 14 7 9 Energy Gun 3 | . . . . . 8 4 Energy Cannon 7 | . 11 14 14 14 . . Ballistic Gun 11 | . 11 14 14 14 8 9 Naked Turns . | . . . . . . . Heaviest Build 98 | 10 33 35 35 35 97 98 Greatest Support 112 | 40 40 40 40 40 112 106 Greatest Overweight (x) 4 | . 4 . . . 1 1 Average Overweight (x) . | . . . . . . . Largest Inventory Capacity 25 | 8 25 15 15 15 25 25 Average Capacity 17 | 6 9 15 15 15 24 25 Most Carried 25 | 6 13 15 15 15 25 25 Average Carried 16 | 3 8 14 14 14 22 24 Final Capacity 25 | 8 15 15 15 15 25 25 Final Carried 25 | 6 13 15 15 15 24 25 Class Distribution -------------------- 100% | Mutant Dominant Class ---------------- Mutant | -10/Materials Mutant | -10/Mines Mutant | -10/Exiles Mutant | -9/Mines Mutant | -8/Materials Mutant | -8/Storage Resources | -11 -10 -10 -10 -9 -8 -8 ----------- Run | Yrd Mat Min Exi Min Mat Sto Matter Collected 811 | 232 113 35 . 36 249 146 Remotely . | . . . . . . . Salvage Created 1740 | . 485 . . . 811 444 Parts 118 | . 27 . . . 48 43 Haulers Intercepted 2 | . 1 . . . 1 . Recyclers Shooed 2 | . 1 . . . 1 . Parts Field Recycled . | . . . . . . . Retrieved Matter . | . . . . . . . Parts Self-Destructed . | . . . . . . . Prevented . | . . . . . . . Kills | -11 -10 -10 -10 -9 -8 -8 ------- Run | Yrd Mat Min Exi Min Mat Sto Combat Hostiles Destroyed 40 | . 10 . . . 16 14 Guns 28 | . 2 . . . 16 10 Cannons 8 | . 8 . . . . . AOE 4 | . . . . . . 4 Classes Destroyed 10 | . 4 . . . 5 1 Worker 4 | . . . . . 3 1 Builder 3 | . . . . . . 3 Tunneler 1 | . . . . . 1 . Hauler 2 | . 1 . . . 1 . Recycler 1 | . 1 . . . . . Watcher 1 | . . . . . 1 . Swarmer 13 | . 3 . . . 3 7 Grunt 19 | . 7 . . . 8 4 Sentry 7 | . . . . . 4 3 Heavy 1 | . . . . . 1 . Best Kill Streak 6 | . 4 . . . 4 6 Combat Bots Only 4 | . 4 . . . 4 3 Max Kills in Single Turn 3 | . 1 . . . 2 3 Gunslinging . | . . . . . . . Exploded 2 | . . . . . . 2 Melee . | . . . . . . . Uniques/NPCs Destroyed . | . . . . . . . Combat | -11 -10 -10 -10 -9 -8 -8 -------- Run | Yrd Mat Min Exi Min Mat Sto Hostile Shots Fired 172 | . 39 . . . 52 81 Missed 47 | . 11 . . . 15 21 Damage Taken 1867 | . 329 . . . 701 837 Core 264 | . 26 . . . 95 143 Absorbed by Shields . | . . . . . . . Redirected to Shielding 59 | . 25 . . . 28 6 Regen/Repaired (Parts) 41 | . . . . . 41 . Core Remaining (%) 94 | 100 . . . 89 . . Volleys Fired 102 | . 26 . . . 36 40 Largest 2 | . 2 . . . 2 2 Hottest 105 | . 80 . . . 105 105 Shots Fired 181 | . 52 . . . 69 60 Gun 148 | . 26 . . . 69 53 Cannon 26 | . 26 . . . . . Launcher 7 | . . . . . . 7 Special . | . . . . . . . Kinetic 99 | . 26 . . . 36 37 Thermal 75 | . 26 . . . 33 16 Explosive 7 | . . . . . . 7 Electromagnetic . | . . . . . . . Robot Hit Streak 33 | . 12 . . . 16 33 Robot Miss Streak 2 | . 2 . . . 2 2 Penetration Max . | . . . . . . . Secondary Targets 1 | . . . . . 1 . Max Gunslinging Chain 1 | . . . . . 1 . Shots Hit Robots 126 | . 39 . . . 51 36 Core Hits 97 | . 21 . . . 46 30 Critical Kills 2 | . 1 . . . . 1 Critical Parts Destroyed 1 | . . . . . . 1 Critical Strikes 3 | . 1 . . . . 2 Destroy 3 | . 1 . . . . 2 Melee Attacks 1 | . . . . . 1 . Impact . | . . . . . . . Slashing 1 | . . . . . 1 . Piercing . | . . . . . . . Sneak Attacks 1 | . . . . . 1 . Combat Hostiles . | . . . . . . . Follow-up Attacks . | . . . . . . . Damage Inflicted 2878 | . 512 . . . 1314 1052 Guns 1904 | . 135 . . . 1124 645 Cannons 377 | . 377 . . . . . Explosions 392 | . . . . . . 392 Melee 60 | . . . . . 60 . Ramming 145 | . . . . . 130 15 Kinetic 781 | . 135 . . . 285 361 Thermal 1500 | . 377 . . . 839 284 Explosive 392 | . . . . . . 392 Electromagnetic . | . . . . . . . Impact . | . . . . . . . Slashing 60 | . . . . . 60 . Piercing . | . . . . . . . Highest Corruption . | . . . . . . . Average Corruption . | . . . . . . . Corruption Purged . | . . . . . . . Corruption Blocked . | . . . . . . . Overload Shots . | . . . . . . . Overflow Damage 23 | . . . . . 23 . Projectiles . | . . . . . . . Explosions . | . . . . . . . Melee 23 | . . . . . 23 . Knockbacks 1 | . . . . . 1 . Impact 1 | . . . . . 1 . Kinetic . | . . . . . . . Secondary . | . . . . . . . Self-Inflicted Damage 31 | . . . . . . 31 Shots 1 | . . . . . . 1 Rammed 6 | . . . . . 5 1 Targets Rammed 9 | . . . . . 8 1 Kicked . | . . . . . . . Crushed 3 | . . . . . 3 . Highest Temperature 252 | . 252 . . . 8 20 Average Temperature 60 | . 88 . . . 3 6 Received Heat Transfer 831 | . 156 . . . 243 432 Siege Activations . | . . . . . . . Robots Corrupted . | . . . . . . . Combat Hostiles . | . . . . . . . Parts Fried 1 | . . . . . 1 . Impact Corruptions 2 | . . . . . 2 . Robots Melted . | . . . . . . . Combat Hostiles . | . . . . . . . Parts Melted 6 | . 2 . . . 4 . Heat Transferred 3302 | . 777 . . . 1875 650 Parts Sabotaged . | . . . . . . . Parts Stolen . | . . . . . . . Parts Stripped . | . . . . . . . Power Chain Reactions . | . . . . . . . Alert | -11 -10 -10 -10 -9 -8 -8 ------- Run | Yrd Mat Min Exi Min Mat Sto Peak Influence 466 | . 165 5 . . 362 466 Initial 59 | . . 5 . . . 59 Average 106 | . 40 4 . . 188 244 Maximum Alert Level 2 | . . . . . 1 2 Low Security (%) 71 | 100 100 100 . 100 42 31 Level 1 27 | . . . . . 57 60 Level 2 1 | . . . . . . 8 Level 3 . | . . . . . . . Level 4 . | . . . . . . . Level 5 . | . . . . . . . High Security . | . . . . . . . Max Security . | . . . . . . . Squads Dispatched 8 | . 1 1 . . 4 2 Investigation 3 | . . 1 . . 2 . Extermination . | . . . . . . . Reinforcement 5 | . 1 . . . 2 2 Assault . | . . . . . . . Garrison . | . . . . . . . Intercept . | . . . . . . . Searches Triggered . | . . . . . . . Construction Impeded 1 | . . . . . . 1 Haulers Reinforced . | . . . . . . . Active Scanning Responses . | . . . . . . . Cargo Convoy Interrupts . | . . . . . . . Stealth | -11 -10 -10 -10 -9 -8 -8 --------- Run | Yrd Mat Min Exi Min Mat Sto Distress Signals 3 | . 1 . . . . 2 Communications Jammed . | . . . . . . . Distress Signals . | . . . . . . . Times Spotted 60 | . 18 . . . 23 19 Peak Tracking Total 5 | . 4 . . . 3 5 Tactical Retreats 6 | . 1 . . . 4 1 Traps | -11 -10 -10 -10 -9 -8 -8 ------- Run | Yrd Mat Min Exi Min Mat Sto Traps Triggered 3 | . 2 . . . 1 . Indirectly . | . . . . . . . Trap Hack Attempts . | . . . . . . . Triggered . | . . . . . . . Disarmed . | . . . . . . . Reprogrammed . | . . . . . . . Reused . | . . . . . . . Traps Extracted . | . . . . . . . Installed . | . . . . . . . Triggered . | . . . . . . . Machines | -11 -10 -10 -10 -9 -8 -8 ---------- Run | Yrd Mat Min Exi Min Mat Sto Machines Disabled 4 | . . . . . . 4 Max in Single Turn 1 | . . . . . . 1 Machines Repaired . | . . . . . . . Machines Dismantled . | . . . . . . . Machines Sabotaged . | . . . . . . . Overloaded Fab Kills . | . . . . . . . Hacking | -11 -10 -10 -10 -9 -8 -8 --------- Run | Yrd Mat Min Exi Min Mat Sto Machines Accessed 10 | . 3 1 1 . 3 2 Terminals 7 | . 3 . . . 2 2 Fabricators . | . . . . . . . Repair Stations 1 | . . . . . 1 . Recycling Units . | . . . . . . . Scanalyzers . | . . . . . . . Garrison Access . | . . . . . . . Total Hacks 17 | . 6 1 1 . 7 2 Successful 11 | . 2 1 1 . 5 2 Failed 5 | . 3 . . . 2 . Catastrophic 2 | . 2 . . . . . Database Lockouts 1 | . 1 . . . . . Manual 12 | . 9 . 1 . 2 . Terminals 12 | . 6 . . . 4 2 Fabricators . | . . . . . . . Repair Stations 3 | . . . . . 3 . Recycling Units . | . . . . . . . Scanalyzers . | . . . . . . . Garrison Access . | . . . . . . . Terminal Hacks 9 | . 2 1 1 . 3 2 Record 2 | . 1 . . . 1 . Robot Analysis 1 | . 1 . . . . . Prototype ID Bank 1 | . . . . . 1 . Open Door 3 | . . 1 . . . 2 Hauler Manifests 1 | . . . . . 1 . Derelict Proto ID Bank 1 | . . . 1 . . . Fabricator Hacks . | . . . . . . . Repair Station Hacks 2 | . . . . . 2 . Scan Component 1 | . . . . . 1 . Repair 1 | . . . . . 1 . Recycling Unit Hacks . | . . . . . . . Scanalyzer . | . . . . . . . Garrison Access Hacks . | . . . . . . . Unauthorized Hacks . | . . . . . . . Terminals . | . . . . . . . Fabricators . | . . . . . . . Repair Stations . | . . . . . . . Recycling Units . | . . . . . . . Scanalyzers . | . . . . . . . Garrison Access . | . . . . . . . Data Cores Recovered . | . . . . . . . Used . | . . . . . . . Hacking Detections 6 | . 2 . . . 3 1 Full Trace Events 1 | . . . . . 1 . Feedback Events . | . . . . . . . Feedback Blocked . | . . . . . . . Robot Schematics Acquired . | . . . . . . . Robots Built . | . . . . . . . Authchips . | . . . . . . . Time . | . . . . . . . Total Robot Build Rating . | . . . . . . . Part Schematics Acquired . | . . . . . . . Parts Built . | . . . . . . . Authchips . | . . . . . . . Time . | . . . . . . . Total Part Build Rating . | . . . . . . . Parts Repaired 1 | . . . . . 1 . Time 38 | . . . . . 38 . Parts Recycled . | . . . . . . . Recycled Matter . | . . . . . . . Retrieved Matter . | . . . . . . . Retrieved Components . | . . . . . . . Parts Scanalyzed . | . . . . . . . Part Schematics Acquired . | . . . . . . . Parts Damaged . | . . . . . . . Bothacking | -11 -10 -10 -10 -9 -8 -8 ------------ Run | Yrd Mat Min Exi Min Mat Sto Used RIF Installer . | . . . . . . . Robots Hacked . | . . . . . . . Non-combat . | . . . . . . . Combat . | . . . . . . . Robot Hacks Applied . | . . . . . . . Relay Couplers Released . | . . . . . . . Fabnet Peak Effective % . | . . . . . . . Robots Rewired . | . . . . . . . Allies Hacked . | . . . . . . . Hacks Repelled . | . . . . . . . Allies | -11 -10 -10 -10 -9 -8 -8 -------- Run | Yrd Mat Min Exi Min Mat Sto Total Allies 3 | . . 3 . . . . Largest Group 3 | . . 3 3 3 3 . Highest-Rated Group 40 | . . 40 40 40 40 . Highest-Rated Ally 16 | . . 16 16 16 16 . Total Orders . | . . . . . . . Ally Attacks 24 | . . . . . 24 . Total Damage 163 | . . . . . 163 . Kills 3 | . . . . . 3 . Allies Corrupted . | . . . . . . . Allies Melted . | . . . . . . . Intel | -11 -10 -10 -10 -9 -8 -8 ------- Run | Yrd Mat Min Exi Min Mat Sto Robot Analysis Total 1 | . 1 . . . . . Derelict Logs Recovered 1 | . . . . 1 . . Drone Launches . | . . . . . . . Drone Recoveries . | . . . . . . . Exploration | -11 -10 -10 -10 -9 -8 -8 ------------- Run | Yrd Mat Min Exi Min Mat Sto Turns Passed 4392 | 75 1022 401 351 660 1292 591 Spaces Moved 2308 | 42 535 246 219 395 601 270 Core 17 | 3 14 . . . . . Treads 2291 | 39 521 246 219 395 601 270 Legs . | . . . . . . . Wheels . | . . . . . . . Hover . | . . . . . . . Flight . | . . . . . . . Fastest Speed 50 | 50 160 160 160 160 156 156 Average Speed 160 | 152 162 160 160 160 157 167 Slowest Speed 250 | 160 250 160 160 160 240 235 Overloaded Moves . | . . . . . . . Propulsion Burnouts . | . . . . . . . Robots Hopped . | . . . . . . . Cave-ins Triggered . | . . . . . . . Exploration Rate (%) 53 | 5 85 63 42 94 49 35 Regions Visited 6 Branch Regions 4 Pre-discovered Areas 1 | . . . . 1 . . Known Exits Taken . | . . . . . . . Unknown Exits Taken 6 | 1 1 1 1 1 1 . Scrap Searched 4 | . . 1 . 3 . . Spaces Dug . | . . . . . . . Terrain Destroyed 45 | . . . . . . 45 Melee . | . . . . . . . Projectile . | . . . . . . . AOE 45 | . . . . . . 45 Terrain Rammed . | . . . . . . . Walls Destroyed . | . . . . . . . Machines Disabled . | . . . . . . . Actions | -11 -10 -10 -10 -9 -8 -8 --------- Run | Yrd Mat Min Exi Min Mat Sto Total 2816 | 51 643 254 220 426 871 351 Wait 295 | . 43 . . 26 194 32 Move 2302 | 41 534 245 218 394 600 270 Hop . | . . . . . . . Pick Up 49 | 6 17 4 1 3 15 3 Fast Attach 14 | 4 4 1 . . 4 1 Attach 6 | . 3 . . . 3 . Detach . | . . . . . . . Swap 13 | . 6 1 . . 5 1 Drop 25 | . 10 3 1 3 5 3 Fire 102 | . 26 . . . 36 40 Melee 1 | . . . . . 1 . Ram . | . . . . . . . Kick . | . . . . . . . Crush 9 | . . . . . 8 1 Escape Stasis . | . . . . . . . Rewire . | . . . . . . . Trap . | . . . . . . . Miscellaneous . | . . . . . . . Route ------- -11/Scrapyard -10/Materials (discovered 3 exits: [*Mat x2] / *Min) -10/Mines -10/Exiles -9/Mines -8/Materials (discovered 2 exits: [*Fac] / *Sto) -8/Storage History --------- Turn | Location | Event 2 | -11/Scrapyard | Discovered new exit (range 16) 76 | -11/Scrapyard | Entered Materials 156 | -10/Materials | Central database locked down 310 | -10/Materials | Build established: Mutant 443 | -10/Materials | Discovered new exit (range 5) 938 | -10/Materials | Discovered new exit (range 16) 1071 | -10/Materials | Discovered new exit (range 16) 1098 | -10/Materials | Entered Mines 1170 | -10/Mines | Found a damaged Exp. Sensor Array with a note attached 1194 | -10/Mines | Found Prototype Device 1267 | -10/Mines | Met a Derelict shopkeep closing up shop 1425 | -10/Mines | Assisted by bots powering up and referring to "LRC-V3" 1493 | -10/Mines | Deemed a non-threat by the Exiles lab entrance 1493 | -10/Mines | Discovered new exit (range 5) 1499 | -10/Mines | Entered Exiles 1499 | -10/Exiles | Accompanied by 3 allies 1538 | -10/Exiles | Met 8R-AWN 1567 | -10/Exiles | Met EX-HEX 1608 | -10/Exiles | Met EX-BIN 1631 | -10/Exiles | Aligned with FarCom system 1632 | -10/Exiles | Given EX-Vault access code 1671 | -10/Exiles | Opened EX-Vault 1689 | -10/Exiles | Found PSU Rigger 1725 | -10/Exiles | Warned to stay clear of 0b10 Research branches 1831 | -10/Exiles | Discovered new exit (range 14) 1850 | -10/Exiles | Left Exiles lab with PSU Rigger 1850 | -10/Exiles | Entered Mines 1850 | -9/Mines | Accompanied by 3 allies 1939 | -9/Mines | Received a Rocket Launcher from a helpful Derelict 1954 | -9/Mines | Learned location of Storage (-8) 2222 | -9/Mines | Learned Materials non-interactive machine intel 2492 | -9/Mines | Discovered new exit (range 7) 2510 | -9/Mines | Entered Materials 2510 | -8/Materials | Accompanied by 3 allies 2510 | -8/Materials | Evolved 4 slots: Propulsion x2, Utility x2 2511 | -8/Materials | Loaded intel: 23 non-interactive machine locations 2650 | -8/Materials | Lost 3 allies 3067 | -8/Materials | Discovered new exit (range 14) 3293 | -8/Materials | Discovered new exit (range 15) 3657 | -8/Materials | Repaired Minigun 3802 | -8/Materials | Entered Storage 4393 | -8/Storage | Self-destructed Last Messages --------------- 04260_ A-02 Transporter sends out distress signal. 04260_ U-05 Engineer lays Concrete. 04260_ Transport Mainframe disabled. 04261_ U-05 Engineer lays Concrete. 04266_ K-01 Serf collects debris. 04289_ G-47 Trooper destroyed. 04291_ Med. Treads destroyed. 04293_ Y-45 Defender suffers critical hit (Destroy). 04293_ Y-45 Defender destroyed. 04295_ Acquired 45 matter. 04349_ S-10 Pest destroyed. 04355_ Acquired 10 matter. 04360_ R-06 Scavenger collects Lgt. Ion Engine. 04377_ Grenade Launcher destroyed. 04383_ Med. Treads destroyed. 04386_ Slammed into A-02 Transporter. 04389_ Critical hit (Burn: +37). 04391_ Minigun destroyed. Map ----- +----------------------------------------------------+ | ????????? " ??????????????????????????????? | | ##???""""# "" " ^ ??????????????????????????????? | | "#??## ##^"""" ###########????????????###????? | | "#???T ## # #??????????###T###### | | "##### ## # """" #??????????# | | %!! [# ## ???? "!]"" #??######### ^ | | !"""=+ ##+######## "![""" #??#[[[[ # ^ | | """ # # "!=" #??# # ###### | | """ # + "![" #??#]]]] + #????? | | ### ##### ## """" #########T##= #????? | | """ ## # # # ##########% #????? | | """ ## " "" # ##+## ##### *#[= # | | """ ## "[[[[" + ######## !*+=% | | ## "[]]=" # [ """ [#%= ##+ | | ### ### """""" ###+###########=="[]]]" #! |=[ % | | ???#??# #?????????????## "[[[[" = =!*%! | | ??????# #??????????????#="""""" [* *| | | ??????# #??????????????# % # ##+ | | ??????# #??????????????# ###?# """? | | ??????#######+##??????????????###########?????"?"? | | ????####????# #??????????????????????????????????? | | ????? ??# #??????????????????????????????????? | | ???????" ?# #####################??????????????? | | ???????" # #??????????????? | | ???????" + a #??????????????? | | ???????" # @ #??????????????? | | ???????" ### gg #??????????????? | | ???????" ???# #??????????????? | | ?????? ????# +??????????????? | | ?????##+#?????# ##### ### #??????????????? | | ??????????????###### ##????+#??? ##??????????????? | | ???????????????????# #???????????#????w??????????? | | ???????????????????# #???????????????????????????? | | ??????????????????? ???????????????????????????? | | ??????????????????? T ??????????Y????????????????? | | ??????????????????? ???????Y???????????????????? | | ??????????????????#####???w??????????????????????? | | ???????????????Y?????????????????????????????????? | | ?????????????????????????????????????????????????? | | ?????????????????????????????????????????????????? | | ?????????????????????????????????????????????????? | | ?????????????????????????????????????????????????? | | ?????????????????????????????????????????????????? | | ?????????????????????????????????????????????????? | | ?????????????????????????????????????????????????? | | ?????????????????????????????????????????????????? | | ?????????????????????????????????????????????????? | | ?????????????????????????????????????????????????? | | ?????????????????????????????????????????????????? | | ?????????????????????????????????????????????????? | +----------------------------------------------------+ Best States ------------- Heat Dissipation 45 Energy Generation 14 Energy Capacity 280 Matter Stores 300 Matter Capacity 300 Sight Range 16 Terrain Scan Density 10 Power Shielding 66 Weapon Shielding 33 Evasion (%) 40 Targeting Accuracy 8 Recoil Reduction 4 Item Schematics ----------------- None Robot Schematics ------------------ None Fabricated ------------ Nothing Alien Tech Used ----------------- None Achievements -------------- None Challenges ------------ None Game ------ Seed SystemDisruptionStorm Manual? 0 Play Time 00:32:59 Cumulative 5.9 hours Start 2024.04.13 @ 22:15:40 End 2024.04.13 @ 22:46:14 Sessions 1 Manual Loads 0 Difficulty Rogue Special Mode None Game No. 17 Rogue 17 Adventurer 0 Explorer 0 Win Type - Total 0 Types 0/0/0/0/0/0/0/0/0 Lore% 15 Gallery% 8 Achievement% 11 Wizard Run 0 Options --------- Layout 1 ASCII 0 Keyboard 0 Movement Vi Keybinds 0 Fullscreen 2 Font 24/Smallcaps Map View 50x35 Zoom Use 0% Tactical HUD 1 Map Filters NONE Filters NONE Steam 1 RUN: e4469282-2610-4dea-9019-90e87d6df004